 Dungeon Crawl Stone Soup version 0.27.1-3-gb3d3a73c9e (webtiles) character file.

Game seed: 3053427906184366692

841 Urokeeper the Sneak (level 8, -9/49 HPs)
             Began as a Kobold Brigand on Oct 19, 2021.
             Was a Follower of Uskayaw.
             Mangled by Maggie (14 damage)
             ... on level 6 of the Dungeon.
             The game lasted 00:15:25 (6346 turns).

Urokeeper the Sneak (Kobold Brigand)                Turns: 6346, Time: 00:15:26

Health: -9/49      AC: 10    Str: 10    XL:     8   Next: 19%
Magic:  8/8        EV: 12    Int: 13    God:    Uskayaw [*.....]
Gold:   213        SH:  0    Dex: 16    Spells: 7/7 levels left

rFire    . . .     SeeInvis .   n - +2 dagger (vamp)
rCold    . . .     Faith    .   (shield restricted)
rNeg     . . .     Spirit   .   h - +0 scale mail
rPois    .         Reflect  .   k - +0 helmet
rElec    .         Harm     .   c - +1 cloak
rCorr    .         Rampage  .   t - +0 pair of gloves
Will     .....                  (no boots)
Stlth    +++.......             (no amulet)
HPRegen  0.16/turn              (no ring)
MPRegen  0.11/turn              (no ring)

@: lethally poisoned (-9 -> -21), mesmerised
A: small, no large weapons, nightstalker 3
a: Renounce Religion, Stomp


You were on level 6 of the Dungeon.
You worshipped Uskayaw.
Uskayaw was noncommittal.
You visited 2 branches of the dungeon, and saw 7 of its levels.
You also visited: Sewer.

You collected 213 gold pieces.

Inventory:

Hand Weapons
 a - a +2 dagger
 j - a +0 quarterstaff
 l - a +3 vorpal war axe
 n - a +2 vampiric dagger (weapon)
 q - a +2 short sword of holy wrath
Missiles
 d - 8 poisoned darts (quivered)
 e - 3 curare-tipped darts
Armour
 b - a +0 robe
 c - a +1 cloak (worn)
 h - a +0 scale mail (worn)
 k - a +0 helmet (worn)
 t - a +0 pair of gloves (worn)
Wands
 u - a wand of iceblast (7)
Scrolls
 g - 2 scrolls of teleportation
 i - a scroll of fog
 w - a scroll of vulnerability
Potions
 f - a potion of curing
 m - a potion of brilliance {unknown}
 o - a potion of invisibility {unknown}
 r - a potion of flight
 s - 2 potions of heal wounds
 x - a potion of degeneration {unknown}
 z - a potion of resistance {unknown}


   Skills:
 + Level 5.0 Fighting
 - Level 2.6(3.3) Short Blades
 - Level 1.6(2.0) Long Blades
 * Level 4.3 Axes
 - Level 2.1 Throwing
 + Level 5.1 Dodging
 - Level 5.9 Stealth


You had 7 spell levels left.
You didn't know any spells.
Your spell library contained the following spells:

 Spells                   Type           Power      Damage    Failure   Level
 Gell's Gravitas          Tloc           0%         N/A       100%        3
 Teleport Other           Tloc           0%         N/A       100%        3
 Summon Forest            Summ/Tloc      0%         N/A       100%        5
 Dispersal                Tloc           0%         N/A       100%        6
 Eringya's Noxious Bog    Tmut/Pois      0%         N/A       100%        6
 Summon Hydra             Summ           0%         N/A       100%        7


Dungeon Overview and Level Annotations

Branches:
Dungeon (6/15)             Temple (1/1) D:4           Sewer (visited)

Altars:
Cheibriados
Gozag
Hepliaklqana
Kikubaaqudgha
Makhleb
Nemelex Xobeh
Okawaru
Qazlal
Ru
Sif Muna
Uskayaw
Wu Jian
Xom
Yredelemnul
Zin
The Shining One

Annotations:
D:4 3 runed translucent doors
D:6 Maggie


Innate Abilities, Weirdness & Mutations

You are small and have problems with some larger weapons.
You are completely attuned to the shadows.


Message History

Maggie is lightly wounded.
Maggie gestures wildly while chanting.
Maggie draws you further into her thrall.
You hit Maggie.
Maggie is lightly wounded.
Maggie hits you with a +2 halberd of venom!
You are poisoned.
You hit Maggie.
You feel better.
Maggie is lightly wounded.
You feel very sick.
You hit Maggie but do no damage.
Maggie is lightly wounded.
You feel sick.
Maggie drinks a potion.
Maggie seems to grow stronger.
You hit Maggie but do no damage.
Maggie is lightly wounded.
You feel sick.
Maggie smiles, but it's obviously fake.
Maggie hits you but does no damage.
You are more poisoned.
You closely miss Maggie.
Maggie is lightly wounded.
You feel very sick. Maggie casts a spell at you. The bolt of fire hits you!!
* * * LOW HITPOINT WARNING * * *
You are too injured to fight recklessly!
You are too injured to fight recklessly!
You are too injured to fight recklessly!
You are too injured to fight recklessly!
You are too injured to fight recklessly!
You are too injured to fight recklessly!
Throw: 9 darts (poison)
Press: ? - help, Q - select action, (/) - cycle Shift-Dir - straight line, f - Maggie
Aim: Maggie, wielding a +2 halberd of venom and wearing +0 steam dragon scales (lightly wounded, mesmerising, strong, 62% to hit)
You throw a poisoned dart. The poisoned dart hits Maggie.
Maggie is poisoned.
Maggie is lightly wounded.
* * * LOW HITPOINT WARNING * * *
You feel very sick.
Maggie hits you with a +2 halberd of venom!
You die...

...... ...
#.....#
...##.....#
..........#
..........#
.........@.[#
........<.@.#
.....(......#
...........>#
#..........(##
#.....##....
#.....######
#....<.#
#......#


You could see Maggie (mesmerising, strong, poisoned).

Vanquished Creatures
  A water moccasin (D:4)
  A black bear (D:4)
  An ogre (D:3)
  A phantom (D:4)
  A kobold brigand (Sewer)
  A scorpion (D:4)
  A water moccasin skeleton (D:4)
  A centaur skeleton (D:5)
  An orc priest (D:5)
  A hound skeleton (D:4)
  A howler monkey zombie (D:5)
  8 gnolls
  5 adders
  A river rat (Sewer)
  A white imp (D:5)
  2 dart slugs
  3 orcs
  6 bats
  12 endoplasms
  6 giant cockroaches
  2 hobgoblins
  2 jackals (Sewer)
  4 quokkas
  5 ball pythons
  6 frilled lizards
  10 goblins
  4 kobolds
  9 rats
97 creatures vanquished.

Vanquished Creatures (others)
  8 fungi (D:5)
8 creatures vanquished.

Grand Total: 105 creatures vanquished

Notes
Turn   | Place    | Note
-------+----------+-------------------------------------------
     0 | D:1      | Urokeeper the Kobold Brigand began the quest for the Orb.
     0 | D:1      | Reached XP level 1. HP: 12/12 MP: 1/1
   115 | D:1      | Reached XP level 2. HP: 6/18 MP: 2/2
   382 | D:1      | Reached skill level 1 in Long Blades
   543 | D:1      | Reached XP level 3. HP: 22/22 MP: 3/3
  1524 | D:2      | Reached XP level 4. HP: 27/27 MP: 4/4
  2162 | D:3      | Noticed an ogre
  2167 | D:3      | Killed an ogre
  2168 | D:3      | Reached skill level 1 in Axes
  2168 | D:3      | Reached XP level 5. HP: 32/32 MP: 5/5
  2402 | D:3      | Found a glowing drain.
  2420 | Sewer    | Entered a sewer
  2597 | Sewer    | Noticed a kobold brigand
  2601 | Sewer    | Reached XP level 6. HP: 25/37 MP: 6/6
  2657 | Sewer    | Found a white marble altar of Elyvilon.
  3227 | D:4      | Found a staircase to the Ecumenical Temple.
  3245 | D:4      | Noticed a black bear
  3264 | Temple   | Entered the Ecumenical Temple
  3396 | Temple   | Became a worshipper of Uskayaw the Reveller
  3455 | D:4      | Found a runed translucent gate.
  3459 | D:4      | Found a runed translucent gate.
  3460 | D:4      | Found a runed translucent gate.
  3634 | D:4      | Noticed a water moccasin
  3645 | D:4      | Reached * piety under Uskayaw
  3650 | D:4      | Reached ** piety under Uskayaw
  3654 | D:4      | Reached XP level 7. HP: 18/43 MP: 7/7
  3654 | D:4      | Reached *** piety under Uskayaw
  3668 | D:4      | Reached **** piety under Uskayaw
  3670 | D:4      | HP: 1/43 [water moccasin (3)]
  3674 | D:4      | Killed a water moccasin
  4873 | D:5      | Entered Level 5 of the Dungeon
  4904 | D:5      | Reached XP level 8. HP: 36/48 MP: 8/8
  5584 | D:5      | Reached skill level 5 in Dodging
  5630 | D:5      | Reached skill level 5 in Fighting
  6336 | D:6      | Noticed Maggie
  6346 | D:6      | Mangled by Maggie

Illustrated notes

Levels and vault maps discovered:
D:1:      tarquinn_simple_flora_water_d, layout_loops_corners,
          supply_closet_lemuel, glass_columns_a
D:2:      layout_basic, serial_glass, glass_columns_b, glass_columns_b,
          feat_on_display, item_on_display_a, feat_on_display
D:3:      layout_basic, portal_sewer_entry_a, lemuel_another_geyser
D:4:      layout_layer_cave, minmay_temple_entry_mist, gammafunk_ghost_cemetery
D:5:      layout_basic, serial_aquarium, aquarium_bridge_long_separate
          [aquarium_subvault_bridge, aquarium_subvault_bridge,
          aquarium_subvault_wall, aquarium_subvault_bridge,
          aquarium_subvault_balcony, aquarium_subvault_bridge],
          aquarium_window_1, aquarium_window_2, aquarium_window_1,
          aquarium_view_2b, aquarium_view_2d, aquarium_pool_2
D:6:      layout_gridville, mainiacjoe_overflow_big_doors, uniq_pikel,
          uniq_edmund, uniq_maggie
Temple:   lightli_temple_of_artemis

Skill      XL: |  1  2  3  4  5  6  7  8 |
---------------+-------------------------+-----
Long Blades    | 1 |  1.6
Dodging        | 2 3 4 5 |  5.1
Fighting       | 3 4 5 |  5.0
Axes           | 1 3 4 |  4.3
Short Blades   | |  2.6
Throwing       | |  2.1
Stealth        | |  5.9

Action                   |  1- 3 |  4- 6 |  7- 9 || total
-------------------------+-------+-------+-------++-------
Melee: Dagger            |    61 |    40 |    50 ||   151
       War axe           |       |    75 |    52 ||   127
Throw: Dart              |     1 |     3 |     4 ||     8
Evoke: Wand              |       |       |     1 ||     1
  Use: Potion            |       |     5 |       ||     5
       Scroll            |       |       |     7 ||     7
 Stab: Sleeping          |    17 |    14 |     7 ||    38
       Distracted        |       |     1 |       ||     1
       Paralysed         |       |       |     2 ||     2
Armor: Robe              |     1 |       |       ||     1
       Scale mail        |    19 |    56 |    43 ||   118
Dodge: Dodged            |    22 |    65 |    64 ||   151
